 Dungeon Crawl Stone Soup version 0.30-a0-458-g86641cc369 (webtiles) character file.

Game seed: 15479516956564917299

9 jlumianski the Trooper (level 2, -3/24 HPs)
             Began as a Demonspawn Fighter on Dec 14, 2022.
             Slain by Terence
             ... wielding a +0 trident
              (10 damage)
             ... on level 3 of the Dungeon.
             The game lasted 00:01:42 (288 turns).

jlumianski the Trooper (Demonspawn Fighter)          Turns: 288, Time: 00:01:43

Health: -3/24      AC:  6    Str: 16    XL:     2   Next: 3%
Magic:  2/2        EV:  8    Int:  9    God:
Gold:   30         SH:  4    Dex: 12    Spells: 1/1 levels left

rFire   . . .      SeeInvis .    a - +0 war axe
rCold   . . .      Faith    .    c - +0 buckler
rNeg    . . .      Spirit   .    b - +0 scale mail
rPois   .          Reflect  .    (no helmet)
rElec   .          Harm     .    (no cloak)
rCorr   .          Rampage  .    (no gloves)
Will    .....                    (no boots)
Stlth   ..........               (no amulet)
HPRegen 0.24/turn                (no ring)
MPRegen 0.08/turn                (no ring)

@: no status effects
A: demonic magic 1
a: no special abilities


You were on level 3 of the Dungeon.
You visited 1 branch of the dungeon, and saw 3 of its levels.

You collected 30 gold pieces.

Inventory:

Hand Weapons
 a - a +0 war axe (weapon)
Missiles
 g - 12 stones (quivered)
Armour
 b - a +0 scale mail (worn)
 c - a +0 buckler (worn)
Scrolls
 f - a scroll of blinking {unknown}
Potions
 d - a potion of might
 e - a potion of mutation {unknown}


   Skills:
 + Level 3.2 Fighting
 + Level 1.9 Axes
 + Level 2.9 Armour
 + Level 2.8 Shields


You had one spell level left.
You didn't know any spells.
Your spell library was empty.

Dungeon Overview and Level Annotations

Branches:
Dungeon (3/15)

Altars:
Hepliaklqana

Annotations:
D:3 Terence


Innate Abilities, Weirdness & Mutations

Spells you cast may paralyse adjacent enemies.


Message History

Found 9 gold pieces.
Found a stone staircase leading up.
There is a stone staircase leading up here.
You now have 30 gold pieces (gained 9).
Found a stone staircase leading down.
A rat comes into view.
A rat comes into view.
The rat attacks as you move away! The rat barely misses you.
The rat twitches its whiskers.
There is a stone staircase leading up here.
You closely miss the rat. The rat bites you but does no damage.
You closely miss the rat. The rat bites you but does no damage.
The rat barely misses you. The rat closely misses you.
You hit the rat.
You kill the rat!
You hit the rat.
You kill the rat!
You have reached level 2!
Your demonic ancestry asserts itself...
A menacing aura infuses your magic.
Terence the Incautious comes into view.
He is wielding a +0 trident.
Terence shouts!
You block Terence's attack. Terence closely misses you.
Terence hits you but does no damage. Terence hits you but does no damage.
Terence barely misses you. Terence hits you but does no damage.
Terence says, "Time to say good-bye..."
Terence hits you with a +0 trident. You block Terence's attack.
You block Terence's attack. Terence hits you with a +0 trident.
Terence barely misses you. Terence hits you with a +0 trident.
Terence hits you with a +0 trident. Terence barely misses you.
Terence hits you with a +0 trident!
* * * LOW HITPOINT WARNING * * *
Terence hits you with a +0 trident!
You die...

##..# ### #...# #..
#...## ... #.... ..#
+#...####.# #
.......#.#
#...###.##.##.# ##
#.....@@.....<# ..##
#######.##.##.##....#
#>..............
###.#..#.#.....#
......#.#....##
#......#.#######
#......#<.......
###.####.####### ..
...


You could see Terence.

Vanquished Creatures
  A hobgoblin (D:2)
  2 jackals (D:2)
  2 quokkas (D:2)
  3 rats
8 creatures vanquished.

Notes
Turn   | Place    | Note
-------+----------+-------------------------------------------
     0 | D:1      | jlumianski the Demonspawn Fighter began the quest for the
                  | Orb.
     0 | D:1      | Reached XP level 1. HP: 18/18 MP: 1/1
   230 | D:2      | Found a hazy altar of Hepliaklqana.
   268 | D:3      | Gained mutation: Spells you cast may paralyse adjacent
                  | enemies. [demonic ancestry]
   268 | D:3      | Reached XP level 2. HP: 24/24 MP: 2/2
   270 | D:3      | Noticed Terence
   288 | D:3      | Slain by Terence

Illustrated notes

Levels and vault maps discovered:
D:1:      sevenhm_arrival_forest_fort_small_3, layout_loops_cross
D:2:      layout_basic, basic_altar, hellmonk_ecumenical_altar_watching_god
D:3:      layout_basic, mainiacjoe_overflow_surrounded_room,
          nicolae_overflow_two_pavilions, cheibrodos_worm_habitat,
          hangedman_decor_peaks_small, uniq_terence

Action                   || total
-------------------------++-------
Melee: War axe           ||    13
Armor: Scale mail        ||    11
Dodge: Dodged            ||    10
Block: Buckler           ||     6

Table legend: (Time is in decaauts)
 A = Elapsed time spent in this place.
 B = Non-inter-level travel time spent in this place.
 C = Inter-level travel time spent in this place.
 D = Time resting spent in this place.
 E = Time spent auto-exploring this place.
 F = Levels seen in this place.
 G = Mean time per level.
                   A        B        C        D        E       F      G
               +--------+--------+--------+--------+--------+-----+--------+
         Total |    293 |    293 |      0 |      0 |    141 |   3 |   97.7 |
       Dungeon |    293 |    293 |      0 |      0 |    141 |   3 |   97.7 |
               +--------+--------+--------+--------+--------+-----+--------+

Top non-repeatable levels by time:
     D:2: 139 daAuts
     D:1: 122 daAuts
     D:3: 32 daAuts
